 Dungeon Crawl Stone Soup version 0.27.1-1-g398f81649c (webtiles) character file.

Game seed: 2179610660052137824

2396 H0rd4k the Magician (level 9, -2/53 HPs)
             Began as an Octopode Hedge Wizard on Sept 16, 2021.
             Was an Initiate of Gozag.
             Slain by a centaur (5 damage)
             ... on level 8 of the Dungeon on Sept 20, 2021.
             The game lasted 00:21:35 (13278 turns).

H0rd4k the Magician (Octopode Hedge Wizard)        Turns: 13278, Time: 00:21:36

Health: -2/53      AC:  2    Str:  9    XL:     9   Next: 46%
Magic:  12/20      EV: 13    Int: 19    God:    Gozag
Gold:   314        SH:  0    Dex: 12    Spells: 11/23 levels left

rFire    . . .     SeeInvis .   x - +2 rapier (venom)
rCold    . . .     Faith    .   (no shield)
rNeg     . . .     Spirit   .   b - +1 hat
rPois    .         Reflect  .   (no amulet)
rElec    .         Harm     .   p - ring of wizardry
rCorr    .         Rampage  .   (no ring)
Will     .....                  (no ring)
Stlth    +++.......             (no ring)
HPRegen  0.17/turn              (no ring)
MPRegen  0.17/turn              (no ring)
                                (no ring)
                                (no ring)

@: gold aura
A: almost no armour, amphibious, 8 rings, camouflage 1, gelatinous body 1,
(nimble swimmer 1), tentacles
a: Renounce Religion, Potion Petition, Call Merchant, Bribe Branch


You were on level 8 of the Dungeon.
You worshipped Gozag.
Gozag was aware of your devotion.
You visited 2 branches of the dungeon, and saw 9 of its levels.

You collected 608 gold pieces.
You spent 217 gold pieces at shops.
You paid 77 gold pieces to Gozag.

Inventory:

Hand Weapons
 x - a +2 rapier of venom (weapon)
 y - a +2 hunting sling of freezing
 A - the +7 dagger of the Establishment {vorpal, *Corrode +Blink rF+ Str+3}
   (You bought it in a shop on level 8 of the Dungeon)

   It inflicts extra damage upon your enemies.
   Str:       It affects your strength (+3).
   rF:        It protects you from fire.
   +Blink:    It lets you blink.
   *Corrode:  It may corrode you when you take damage.
Missiles
 g - a throwing net
Armour
 b - a +1 hat (worn)
Magical Staves
 a - a staff of earth
Jewellery
 p - a ring of wizardry (left tentacle)
Wands
 n - a wand of iceblast (3)
Scrolls
 c - a scroll of magic mapping
 d - 2 scrolls of enchant armour
 e - a scroll of teleportation {unknown}
 h - a scroll of identify
 j - a scroll of amnesia
 k - a scroll of immolation {unknown}
 m - a scroll of enchant weapon {unknown}
 q - a scroll of noise {unknown}
 s - a scroll of silence {unknown}
 t - a scroll of summoning {unknown}
 v - a scroll of fog {unknown}
Potions
 f - 2 potions of lignification
 i - a potion of resistance {unknown}
 l - 3 potions of curing
 o - a potion of flight {unknown}
 r - a potion of magic {unknown}
 u - 3 potions of invisibility {unknown}
 w - a potion of cancellation {unknown}
 z - a potion of berserk rage {unknown}
 B - a potion of heal wounds {unknown}
 C - 2 potions of ambrosia {unknown}


   Skills:
 + Level 1.3 Fighting
 + Level 0.2 Short Blades
 + Level 3.3 Dodging
 + Level 4.1 Stealth
 + Level 7.5 Spellcasting
 + Level 5.2 Conjurations
 * Level 4.3 Hexes
 + Level 1.0 Summonings
 + Level 2.4 Translocations
 + Level 3.6 Fire Magic
 + Level 1.8 Air Magic
 + Level 1.7 Poison Magic
 + Level 1.7 Evocations


You had 11 spell levels left.
You knew the following spells:

 Your Spells              Type           Power      Damage    Failure   Level
a - Magic Dart            Conj           100%       1d8       1%          1
b - Blink                 Tloc           N/A        N/A       2%          2
c - Conjure Flame         Conj/Fire      24%        6-21      1%          3
d - Confusing Touch       Hex            23%        N/A       1%          3
e - Mephitic Cloud        Conj/Pois/Air  18%        N/A       3%          3

Your spell library contained the following spells:

 Spells                   Type           Power      Damage    Failure   Level
 Slow                     Hex            23%        N/A       1%          2
 Static Discharge         Conj/Air       20%        N/A       1%          2
 Dazzling Flash           Conj/Hex       50%        N/A       1%          3
 Call Imp                 Summ           10%        N/A       4%          2
 Passwall                 Tmut/Erth      5%         N/A       6%          2
 Swiftness                Air            14%        N/A       6%          3
 Sticky Flame             Conj/Fire      24%        2d5       6%          4
 Iskenderun's Mystic Bla  Conj/Tloc      21%        2d6       8%          4
 Vampiric Draining        Necr           3%         2d6       12%         3
 Dispel Undead            Necr           7%         3d8       34%         4
 Invisibility             Hex            11%        N/A       65%         6
 Starburst                Conj/Fire      12%        6d5       65%         6
 Conjure Ball Lightning   Conj/Air       10%        3x3d6     77%         6
 Dispersal                Tloc           8%         N/A       88%         6
 Discord                  Hex            11%        N/A       100%        8
 Disjunction              Tloc           8%         N/A       100%        8


Dungeon Overview and Level Annotations

Branches:
Dungeon (8/15)             Temple (1/1) D:5
   Lair: D:8-11

Altars:
Ashenzari
Dithmenos
Fedhas
Gozag
Nemelex Xobeh
Okawaru
Qazlal
Ru
Trog
Uskayaw
Xom
The Shining One

Shops:
D:8 (:

Annotations:
D:3 exclusions: adder and 3 gnolls
D:4 exclusions: 2 downstairs, orc priest and scorpion
D:6 1 exclusion, Grinder
D:7 1 runed translucent door, exclusions: door and upstairs, Crazy Yiuf


Innate Abilities, Weirdness & Mutations

You cannot wear most types of armour.
You are amphibious.
You can wear up to eight rings at the same time.
Your skin changes colour to match your surroundings (Stealth+).
Your rubbery body absorbs attacks. (AC +1, EV +1)
((You are camouflaged near water. (Stealth+)))
You have tentacles for arms and can constrict up to eight enemies at once.


Message History

The iceblast engulfs the kobold demonologist!
The kobold demonologist is moderately wounded.
The centaur shoots an arrow.
The arrow hits you!
* * * LOW HITPOINT WARNING * * *
Okay, then.
The kobold demonologist casts a spell.
You see here 15 gold pieces.
The orc shouts!
As you read the scroll labelled ORGHYTHIEGG, it crumbles to dust.
You feel aware of your surroundings.
It was a scroll of magic mapping.
An acid dragon comes into view.
Okay, then.
Unknown command.
Okay, then.
Okay, then.
Unknown command.
As you read the scroll labelled ILAYTYC CORUN, it crumbles to dust.
It is a scroll of amnesia.
Really abort (and waste the scroll)? [Y]es or [N]o only, please.
Really abort (and waste the scroll)?
Okay, then.
The centaur shoots an arrow.
The arrow hits you!
* * * LOW HITPOINT WARNING * * *
The white imp shouts, "Out, out, thou peaked onion-eyed maggot-pie!"
Unknown command.
Really quaff the potion of lignification? [Y]es or [N]o only, please.
Really quaff the potion of lignification?
Okay, then.
Unknown command.
Okay, then.
You feel better.
The centaur shoots an arrow.
The arrow hits you!
* * * LOW HITPOINT WARNING * * *
Unknown command.
Casting: Blink (safe; 2% risk of failure)
Confirm with . or Enter, or press ? or * to list all spells.
You blink.
The centaur unwields a +0 shortbow.
The centaur hits you.
You die...
Your body crumbles into a pile of gold.

⌠.≈≈.⌠.♣#....,**....##.#,,>,# *
..≈≈...♣#..#..##...##..#,,,.## *
⌠.≈≈.∩.♣#..#..#...##...#,,...# *
..≈≈...♣#........##D...#,$..l* *
♣.≈≈(♣♣♣*,*#..#.##o...##..#,,* *
#.≈≈.## #.##....#......$..#,,* *
..≈≈..# #......5#§..#####.#,,****
##≈≈#.#######.5cK......$..,,,,,,,
#≈≈#...........@.........,,,,,,,
#≈≈##########..##.#####..**,****
#### #..##.# *,.**,,***
#..##.#****,,**,,,,,
#......,,,,,,,,,,,,,
#.###.##****,**,*,**
#..,...,,,,,,***,**
###*###******* ***


You could see a kobold demonologist, an acid dragon, a centaur, a white imp
(summoned), a shadow imp (summoned) and an orc.

Vanquished Creatures
  Prince Ribbit (D:7)
  A wyvern (D:8)
  2 water moccasins (D:7)
  Duvessa (D:7)
  3 sky beasts
  2 centaurs
  2 ogres
  Blork the orc (D:6)
  A phantom (D:4)
  3 scorpions (D:5)
  Dowan (D:7)
  A howler monkey (D:6)
  An electric eel (D:8)
  A bullfrog zombie (D:7)
  3 orc priests
  2 hounds
  2 bullfrog skeletons (D:5)
  A gnoll shaman (D:5)
  2 orc wizards (D:8)
  A centaur skeleton (D:4)
  A killer bee zombie (D:5)
  A hound zombie (D:5)
  2 hound skeletons (D:4)
  A howler monkey zombie (D:5)
  11 gnolls
  A howler monkey skeleton (D:5)
  3 adders
  A shadow imp (D:5)
  2 white imps (D:7)
  2 ufetubi (D:4)
  An adder skeleton (D:4)
  4 dart slugs
  16 orcs
  5 bats
  6 endoplasms
  3 giant cockroaches
  9 goblins
  9 hobgoblins
  6 jackals
  2 quokkas
  7 ball pythons
  A frilled lizard (D:2)
  6 kobolds
  6 rats
138 creatures vanquished.

Notes
Turn   | Place    | Note
-------+----------+-------------------------------------------
     0 | D:1      | H0rd4k the Octopode Hedge Wizard began the quest for the
                  | Orb.
     0 | D:1      | Reached XP level 1. HP: 11/11 MP: 4/4
   173 | D:1      | Reached XP level 2. HP: 17/17 MP: 4/6
   881 | D:1      | Reached XP level 3. HP: 21/21 MP: 2/8
   884 | D:1      | Learned a level 2 spell: Blink
  1007 | D:1      | Found a faded altar of an unknown god.
  1975 | D:2      | Reached skill level 4 in Spellcasting
  1975 | D:2      | Reached XP level 4. HP: 12/27 MP: 0/10
  3911 | D:4      | Learned a level 3 spell: Conjure Flame
  3915 | D:4      | Learned a level 3 spell: Confusing Touch
  4004 | D:4      | Reached XP level 5. HP: 14/31 MP: 11/11
  5437 | D:4      | Noticed an ogre
  5469 | D:4      | Killed an ogre
  5470 | D:4      | Reached skill level 1 in Hexes
  5470 | D:4      | Reached skill level 1 in Fire Magic
  5470 | D:4      | Reached XP level 6. HP: 37/37 MP: 0/13
  6034 | D:4      | Reached skill level 5 in Spellcasting
  6126 | D:4      | Learned a level 3 spell: Mephitic Cloud
  6170 | D:5      | Entered Level 5 of the Dungeon
  6974 | D:5      | Reached XP level 7. HP: 28/42 MP: 1/15
  7976 | D:5      | Reached skill level 1 in Air Magic
  8441 | D:5      | Found a staircase to the Ecumenical Temple.
  8450 | Temple   | Entered the Ecumenical Temple
  8571 | Temple   | Became a worshipper of Gozag Ym Sagoz the Greedy
  9027 | D:5      | Reached skill level 1 in Fighting
  9311 | D:5      | Reached XP level 8. HP: 37/48 MP: 1/16
  9563 | D:6      | Reached skill level 6 in Spellcasting
  9938 | D:6      | Found a shimmering altar of Xom.
  9940 | D:6      | Found a sparkling altar of Nemelex Xobeh.
 10488 | D:6      | Found a bloodstained altar of Trog.
 10830 | D:6      | Noticed Blork the orc
 10842 | D:6      | Killed Blork the orc
 10843 | D:6      | Reached skill level 1 in Poison Magic
 10875 | D:6      | Noticed Grinder
 11434 | D:7      | Found a runed translucent door.
 11435 | D:7      | Noticed Crazy Yiuf
 11566 | D:7      | Noticed Duvessa
 11566 | D:7      | Noticed Dowan
 11599 | D:7      | Killed Duvessa
 11604 | D:7      | Killed Dowan
 11605 | D:7      | Reached skill level 7 in Spellcasting
 11605 | D:7      | Reached XP level 9. HP: 11/53 MP: 8/19
 11887 | D:7      | Found an iron altar of Okawaru.
 12459 | D:7      | Noticed Prince Ribbit
 12487 | D:7      | Killed Prince Ribbit
 12488 | D:7      | Reached skill level 5 in Conjurations
 12770 | D:8      | Reached skill level 1 in Evocations
 13160 | D:8      | Found Jumar's Book Emporium.
 13165 | D:8      | Found Ruppeh's Antique Weapon Boutique.
 13175 | D:8      | Bought a fading dagger for 217 gold pieces
 13175 | D:8      | Identified the +7 dagger of the Establishment {vorpal,
                  | *Corrode +Blink rF+ Str+3} (You bought it in a shop on
                  | level 8 of the Dungeon)
 13268 | D:8      | Noticed a kobold demonologist
 13278 | D:8      | Slain by a centaur

Illustrated notes

Levels and vault maps discovered:
D:1:      matt_arrival_los_fun, layout_loops_ring,
          hellmonk_ecumenical_altar_arch_garden
D:2:      layout_basic
D:3:      layout_loops_corners
D:4:      layout_basic, minmay_increasing_density
D:5:      wad_crossroads, layout_rooms, minmay_temple_entry_drinking_statues
D:6:      layout_basic, nicolae_overflow_hidden_temple, bloody_trog,
          uniq_blork_the_orc, uniq_grinder
D:7:      layout_loops_corners, mainiacjoe_overflow_alcove_1,
          uniq_crazy_yiuf_cottage, uniq_duvessa, uniq_prince_ribbit1
D:8:      layout_loops_ring, nicolae_wooded_promenade, nrook_mini_backslash
Temple:   minmay_temple_curvy_loop

Skill      XL: |  1  2  3  4  5  6  7  8  9 |
---------------+----------------------------+-----
Stealth        | 3 4 |  4.1
Spellcasting   | 4 5 7 |  7.5
Conjurations   | 2 3 4 5 |  5.2
Hexes          | 1 2 3 4 |  4.3
Fire Magic     | 1 2 3 |  3.6
Air Magic      | 1 |  1.8
Fighting       | 1 |  1.3
Poison Magic   | 1 |  1.7
Translocations | 2 |  2.4
Dodging        | 3 |  3.3
Evocations     | 1 |  1.7
Short Blades   | |  0.2
Summonings     | |  1.0

Action                   |  1- 3 |  4- 6 |  7- 9 || total
-------------------------+-------+-------+-------++-------
Melee: Dagger            |    14 |    27 |     1 ||    42
       Tentacles         |     7 |     8 |       ||    15
       Constrict         |     4 |     6 |       ||    10
       Rapier            |       |       |     1 ||     1
 Cast: Magic Dart        |   100 |   171 |   161 ||   432
       Conjure Flame     |       |     7 |    26 ||    33
       Confusing Touch   |       |     3 |     2 ||     5
       Blink             |       |     4 |    22 ||    26
       Mephitic Cloud    |       |     2 |    18 ||    20
Evoke: Wand              |       |     3 |    11 ||    14
  Use: Scroll            |       |       |     6 ||     6
       Potion            |       |       |     1 ||     1
Armor: Skin              |     1 |     4 |     5 ||    10
Dodge: Dodged            |    32 |    68 |    60 ||   160
